 Dungeon Crawl Stone Soup version 0.23.2-1-ga50397a6bc (webtiles) character file.

Game seed: 7124178101584187661

72 BorisKarlOrff the Sneak (level 4, 0/29 HPs)
             Began as a Halfling Assassin on Apr 17, 2019.
             Slain by a hobgoblin
             ... wielding a +0 club
              (3 damage)
             ... on level 3 of the Dungeon.
             The game lasted 00:05:56 (2112 turns).

BorisKarlOrff the Sneak (Halfling Assassin)         Turns: 2112, Time: 00:05:56

Health: 0/29       AC:  3    Str: 12    XL:     4   Next: 48%
Magic:  4/4        EV: 14    Int: 14    God:
Gold:   118        SH:  0    Dex: 16    Spells: 3/3 levels left

rFire    . . .     SeeInvis .   a - +2 dagger
rCold    . . .     Gourm    .   (shield restricted)
rNeg     . . .     Faith    .   c - +0 robe
rPois    +         Spirit   .   (no helmet)
rElec    .         Reflect  .   d - +0 cloak
rCorr    .         Harm     .   (no gloves)
MR       .....                  (no boots)
Stlth    +++.......             (no amulet)
HPRegen  0.09/turn              p - ring of poison resistance
MPRegen  0.09/turn              (no ring)

@: brilliant
A: small, mutation resistance 1
a: no special abilities


You were on level 3 of the Dungeon.
You were not hungry.

You visited 1 branch of the dungeon, and saw 3 of its levels.

You collected 118 gold pieces.

Inventory:

Hand Weapons
 a - a +2 dagger (weapon)
 b - a +0 blowgun
Missiles
 e - 22 poisoned needles
 f - 2 curare-tipped needles
Armour
 c - a +0 robe (worn)
 d - a +0 cloak (worn)
Jewellery
 p - a ring of poison resistance (left hand)
Scrolls
 j - 3 scrolls of identify
 k - a scroll of remove curse {unknown}
 l - a scroll of amnesia {unknown}
 q - a scroll of enchant weapon {unknown}
Potions
 i - a potion of flight {unknown}
 m - a potion of mutation {unknown}
 o - a potion of degeneration {unknown}
 r - a potion of lignification {unknown}
Comestibles
 g - 7 rations


   Skills:
 + Level 2.1 Fighting
 + Level 3.6 Short Blades
 + Level 2.1 Throwing
 + Level 1.2 Dodging
 + Level 5.5 Stealth


You had 3 spell levels left.
You didn't know any spells.
Your spell library was empty.

Dungeon Overview and Level Annotations

Branches:
Dungeon (3/15)

Altars:
Ashenzari
Elyvilon
Gozag
Okawaru


Innate Abilities, Weirdness & Mutations

You are small and have problems with some larger weapons.
You are somewhat resistant to further mutation.


Message History

You feel strangely unstable.
Your surroundings suddenly seem different.
A bat comes into view.
A goblin comes into view. It is wielding a +0 scimitar.
Found 10 gold pieces.
A hobgoblin and an orc come into view.
The bat misses you. x2
The bat hits you but does no damage. The hobgoblin barely misses you.
The bat closely misses you.
Found a hand axe.
You barely miss the hobgoblin.
The hobgoblin hits you but does no damage.
You closely miss the hobgoblin. The hobgoblin hits you with a +0 club.
* * * LOW HITPOINT WARNING * * *
You hit the hobgoblin.
The hobgoblin is moderately wounded.
It was a potion of brilliance.
You feel clever all of a sudden. The hobgoblin hits you with a +0 club.
You die...

#.# #.# #.# #.#
##.# . ####..#
)..
#.....####.....
#....bg@.'.....
#.#...####.....
#.......# ...
#.....$o.# .
#........#
####...#..#
##.###.# #.#


ยงยง You could see a hobgoblin and a bat.

Vanquished Creatures
  3 adders (D:2)
  A worm (D:2)
  A leopard gecko (D:1)
  9 bats
  2 giant cockroaches (D:1)
  3 goblins
  7 hobgoblins
  2 jackals (D:1)
  A ball python (D:2)
  3 frilled lizards
  6 kobolds
  5 rats
43 creatures vanquished.

Vanquished Creatures (others)
  5 toadstools (D:1)
5 creatures vanquished.

Grand Total: 48 creatures vanquished

Notes
Turn   | Place    | Note
-------+----------+-------------------------------------------
     0 | D:1      | BorisKarlOrff the Halfling Assassin began the quest for the
                  | Orb.
     0 | D:1      | Reached XP level 1. HP: 14/14 MP: 1/1
   241 | D:1      | Reached XP level 2. HP: 19/19 MP: 2/2
   430 | D:1      | Reached skill level 5 in Stealth
   525 | D:1      | Reached XP level 3. HP: 13/24 MP: 3/3
   654 | D:2      | Found a white marble altar of Elyvilon.
   654 | D:2      | Found an iron altar of Okawaru.
  1030 | D:2      | Reached XP level 4. HP: 29/29 MP: 4/4
  1087 | D:2      | Found a shattered altar of Ashenzari.
  1802 | D:3      | Found an opulent altar of Gozag.
  1875 | D:3      | Noticed a black bear
  2112 | D:3      | Slain by a hobgoblin

Skill      XL: |  1  2  3 |
---------------+----------+-----
Stealth        | 5 |  5.5
Short Blades   | 3 |  3.6
Fighting       | 2 |  2.1
Throwing       | |  2.1
Dodging        | |  1.2

Action                   |  1- 3 |  4- 6 || total
-------------------------+-------+-------++-------
Melee: Dagger            |    69 |    47 ||   116
 Fire: Blowgun           |     2 |     4 ||     6
  Use: Scroll            |       |     3 ||     3
       Potion            |       |     1 ||     1
 Stab: Sleeping          |     7 |     2 ||     9
  Eat: Ration            |       |     1 ||     1
Armor: Robe              |     7 |    14 ||    21
Dodge: Dodged            |    37 |    60 ||    97
